 Dungeon Crawl Stone Soup version 0.29.0-13-gc9e81de378 (webtiles) character file.

Game seed: 17260294475092267679

32584 freelancePsychic the Bludgeoner (level 14, -9/133 HPs)
             Began as a Meteoran Fighter on Sept 10, 2022.
             Was a High Priest of Okawaru.
             Splashed by a goliath frog's acid (10 damage)
             ... on level 4 of the Swamp.
             The game lasted 00:30:06 (4190 turns).

freelancePsychic the Bludgeoner (Meteoran Fighter)  Turns: 4190, Time: 00:30:07

Health: -9/133     AC: 29    Str: 23    XL:     14   Next: 35%
Magic:  18/20      EV:  9    Int:  9    God:    Okawaru [*****.]
Gold:   202        SH: 15    Dex: 22    Spells: 13/13 levels left

rFire   + + .      SeeInvis .   h - +6 eveningstar (protect)
rCold   + . .      Faith    .   p - +0 kite shield
rNeg    . . .      Spirit   .   n - +0 plate armour
rPois   .          Reflect  .   e - +2 helmet
rElec   .          Harm     .   j - scarf {rC+ rF+}
rCorr   .          Rampage  .   s - +1 pair of gloves {Dex+3}
Will    +....                   w - +0 pair of boots
Stlth   ..........              (no amulet)
HPRegen 0.32/turn               f - ring of protection from fire
MPRegen 0.17/turn               m - ring "Vihelueh" {Fly Dex+4}

@: heroic, under a protective aura, flying, glowing
A: sense surroundings 2, otherworldly, glowing, explore regen
a: Renounce Religion, Heroism, Finesse, Duel


You were on level 4 of the Swamp.
You worshipped Okawaru.
Okawaru was extremely pleased with you.
You visited 4 branches of the dungeon, and saw 19 of its levels.

You collected 359 gold pieces.
You spent 157 gold pieces at shops.

Inventory:

Hand Weapons
 h - a +6 eveningstar of protection (weapon)
Missiles
 d - 13 poisoned darts
 o - 5 boomerangs (quivered)
 q - 10 javelins
 v - a throwing net
 D - a silver javelin
Armour
 b - a +0 scale mail
 c - a +0 buckler
 e - a +2 helmet (worn)
 j - a scarf of resistance (worn)
 n - a +0 plate armour (worn)
 p - a +0 kite shield (worn)
 s - a +1 pair of gloves of dexterity (worn)
 w - a +0 pair of boots (worn)
Jewellery
 f - a ring of protection from fire (left hand)
 l - the ring of Fonait {rN+ rCorr Int+4}
   (You acquired it on level 9 of the Dungeon)

   [ring of positive energy]

   Int:       It affects your intelligence (+4).
   rN:        It protects you from negative energy.
   rCorr:     It protects you from acid and corrosion.
 m - the ring "Vihelueh" (right hand) {Fly Dex+4}
   (You found it on level 9 of the Dungeon)

   [ring of flight]

   Dex:       It affects your dexterity (+4).
   Fly:       It grants you flight.
Wands
 u - a wand of light (3)
 A - a wand of digging (8)
Scrolls
 k - a scroll of teleportation {unknown}
 y - 4 scrolls of fog
 B - a scroll of brand weapon {unknown}
 C - 2 scrolls of torment
Potions
 a - 3 potions of flight
 g - a potion of brilliance
 i - a potion of cancellation
 r - 2 potions of attraction
 t - a potion of lignification
 x - a potion of might
 z - a potion of ambrosia {unknown}


   Skills:
 + Level 14.4(19.4) Fighting
 - Level 4.6(15.4) Axes
 - Level 15.6(21.0) Maces & Flails
 + Level 11.0(16.0) Throwing
 - Level 6.2(11.2) Armour
 + Level 10.9(15.9) Shields
 - Level 6.7 Invocations
 - Level 2.1 Evocations


You had 13 spell levels left.
You didn't know any spells.
Your spell library contained the following spells:

 Spells                   Type           Power      Damage    Failure   Level
 Magic Dart               Conj           0%         1d3       100%        1
 Gell's Gravitas          Tloc           0%         N/A       100%        3
 Lesser Beckoning         Tloc           0%         N/A       100%        3
 Mephitic Cloud           Conj/Pois/Air  0%         N/A       100%        3
 Teleport Other           Tloc           0%         N/A       100%        3
 Call Imp                 Summ           Unusable   N/A       N/A         2

Dungeon Overview and Level Annotations

Branches:
Dungeon (10/15) Zot: 3426  Temple (1/1) D:6 Zot: 502    Lair (4/5) D:9 Zot: 1720
  Swamp (4/4) Lair:3 Zot: 1606     Orc (0/2) D:9
  Snake: Lair:2-3    Spider: Lair:2-3     Slime: Lair:4-5

Altars:
Ashenzari
Elyvilon
Fedhas
Hepliaklqana
Kikubaaqudgha
Makhleb
Nemelex Xobeh
Okawaru
Qazlal
Sif Muna
Trog
Uskayaw
Vehumet
Wu Jian
Xom
Yredelemnul
Zin
The Shining One

Shops:
D:6 [   D:7 [

Annotations:
D:3 Jessica
D:4 2 runed translucent doors
Lair:1 exclusion: 4 oklob plants
Lair:3 exclusion: oklob plant


Innate Abilities, Weirdness & Mutations

You passively map the area around you.
You are easily found by Zot.
You glow in the dark.
You regain HP and MP as you explore.


Message History

You swing at nothing.
You swing at nothing.
You swing at nothing.
You swing at nothing.
You swing at nothing.
You swing at nothing.
You swing at nothing.
You swing at nothing.
You swing at nothing.
You swing at nothing.
You swing at nothing.
You swing at nothing.
You swing at nothing.
You swing at nothing.
You swing at nothing.
You swing at nothing.
You swing at nothing.
A goliath frog comes into view.
You swing at nothing.
You swing at nothing.
You swing at nothing.
You swing at nothing.
You block the goliath frog's attack.
You swing at nothing.
The goliath frog hits you from afar.
* * * LOW HITPOINT WARNING * * *
You are splashed with acid!
* * * LOW HITPOINT WARNING * * *
You swing at nothing.
You block the goliath frog's attack.
You swing at nothing.
You block the goliath frog's attack.
Okay, then.
Okay, then.
You gain the combat prowess of a mighty hero.
You block the goliath frog's attack. The goliath frog barely misses you.
You bludgeon the goliath frog!!
Your weapon exudes an aura of protection.
The goliath frog is severely wounded.
The goliath frog hits you!
* * * LOW HITPOINT WARNING * * *
You are splashed with acid!
You die...

,
.~○○~~~~~~..~....~♣♣
~~
~~.~~~~~~~.~~~≈~~.♣♣
~~ ~
~♣~~..~...~≈≈≈≈≈≈≈~.♣
,
...♣♣....~≈≈≈≈≈≈≈~.♣
.♣ ♣♣~♣♣.≈≈≈...≈≈≈~♣
* ~ ~ ,
♣~..♣~~≈≈..~≈≈≈~♣ ~
~, .~~~..~~≈≈~.~≈≈≈.♣
* ~~
,...§~~.~≈≈~≈≈≈≈~.♣
..~...F@≈~≈≈≈≈..♣ * ~
* .~......~≈~≈~~.♣♣ *
* *♣...♣.~.~.....♣♣
** *♣.~ ♣~.~.♣♣♣♣♣♣
*~♣ ♣~♣§.♣♣ * ,
~~..♣♣♣ * ♣~.~♣ ♣♣~♣
♣♣


You could see a goliath frog.

Vanquished Creatures
  A very ugly thing (Swamp:4)
  An eleionoma (Swamp:3)
  A bunyip (Swamp:2)
  A green death (Swamp:4)
  Harold (D:10)
  7 hydras
  A ghost crab (Swamp:3)
  Erica (D:9)
  A two-headed ogre (D:10)
  3 alligators
  Urug (D:10)
  A goliath frog (Swamp:4)
  7 bog bodies
  2 spriggan druids (Swamp:3)
  3 swamp dragons
  A will-o-the-wisp (Swamp:3)
  2 large abominations (Swamp:4)
  An ugly thing (Swamp:4)
  6 elephants (Lair:4)
  2 cane toads
  2 rime drakes (Lair:1)
  Psyche (D:8)
  A bloated husk (Swamp:2)
  A troll (D:9)
  2 tyrant leeches
  2 hornets
  6 slime creatures (Swamp:4)
  2 spriggans
  4 shadows (Swamp:4)
  3 wyverns
  A yak (D:9)
  3 basilisks
  Grum (D:9)
  A wraith (D:9)
  3 vampire mosquitoes
  2 steam dragons
  9 swamp worms
  6 water moccasins
  4 orc warriors
  4 black bears
  A swamp drake (Swamp:3)
  An ogre (D:7)
  7 wolves
  A centaur (D:8)
  A small abomination (Swamp:4)
  A kobold brigand (D:8)
  Blork the orc (D:6)
  A necrophage (D:5)
  3 bullfrogs
  A gnoll sergeant (D:8)
  A killer bee (D:10)
  A howler monkey (D:10)
  A quasit (D:5)
  2 gnoll boudas
  5 hounds
  5 orc priests
  3 iguanas
  13 orc wizards
  5 adders
  17 gnolls
  3 shadow imps
  2 white imps
  2 ufetubi (D:5)
  A dart slug (D:4)
  32 orcs
  2 ball pythons
  A bat (D:1)
  3 endoplasms (D:4)
  A giant cockroach (D:1)
  3 goblins
  3 hobgoblins
  4 jackals (D:2)
  A quokka (D:5)
  3 frilled lizards
  8 kobolds
  A rat (D:1)
243 creatures vanquished.

Vanquished Creatures (others)
  2 orcs (D:8)
  A kobold (D:8)
  6 foxfires (Swamp:3)
  8 fungi
  14 plants
31 creatures vanquished.

Grand Total: 274 creatures vanquished

Notes
Turn   | Place    | Note
-------+----------+-------------------------------------------
     0 | D:1      | freelancePsychic the Meteoran Fighter began the quest for
                  | the Orb.
     0 | D:1      | Reached XP level 1. HP: 19/19 MP: 2/2
    45 | D:1      | Reached XP level 2. HP: 26/26 MP: 3/3
   111 | D:2      | Reached XP level 3. HP: 31/31 MP: 4/4
   283 | D:3      | Noticed Jessica
   318 | D:4      | Reached XP level 4. HP: 35/40 MP: 5/5
   345 | D:4      | Found a large runed translucent door.
   345 | D:4      | Noticed an orc warrior
   363 | D:4      | Found a large runed translucent door.
   366 | D:4      | Found a large runed translucent door.
   366 | D:4      | Found a large runed translucent door.
   384 | D:4      | Reached skill level 2 in Maces & Flails
   384 | D:4      | Reached XP level 5. HP: 10/47 MP: 6/6
   505 | D:5      | Entered Level 5 of the Dungeon
   548 | D:4      | Reached skill level 3 in Maces & Flails
   548 | D:4      | Reached XP level 6. HP: 19/51 MP: 7/7
   650 | D:4      | Reached skill level 4 in Maces & Flails
   678 | D:4      | Killed an orc warrior
   679 | D:4      | Reached skill level 5 in Fighting
   679 | D:4      | Reached skill level 5 in Maces & Flails
   679 | D:4      | Reached XP level 7. HP: 24/61 MP: 8/8
   795 | D:5      | Noticed a water moccasin
   799 | D:5      | Reached skill level 6 in Maces & Flails
   802 | D:5      | Killed a water moccasin
   831 | D:5      | Reached XP level 8. HP: 31/70 MP: 9/9
   840 | D:5      | Reached skill level 7 in Maces & Flails
   903 | D:6      | Found Ryatas's Armour Shoppe.
   989 | D:6      | Noticed Blork the orc
  1161 | D:5      | Reached skill level 1 in Evocations
  1187 | D:5      | Found a hide-covered altar of Uskayaw.
  1207 | D:5      | Reached skill level 8 in Maces & Flails
  1260 | D:5      | Found a shimmering blue altar of Sif Muna.
  1327 | D:6      | Found a staircase to the Ecumenical Temple.
  1336 | Temple   | Entered the Ecumenical Temple
  1418 | Temple   | Became a worshipper of Warmaster Okawaru
  1490 | D:6      | Reached skill level 1 in Invocations
  1514 | D:6      | Reached skill level 9 in Maces & Flails
  1514 | D:6      | Gained mutation: You passively map the area around you.
                  | [Meteoran growth]
  1514 | D:6      | Reached XP level 9. HP: 28/78 MP: 11/11
  1566 | D:6      | Killed Blork the orc
  1566 | D:6      | Reached * piety under Okawaru
  1664 | D:7      | Found Xezxul's Antique Armour Emporium.
  1747 | D:7      | Reached skill level 10 in Maces & Flails
  1856 | D:8      | Found a radiant altar of Vehumet.
  1932 | D:8      | Reached ** piety under Okawaru
  1933 | D:8      | Noticed Psyche
  1951 | D:8      | Reached skill level 11 in Maces & Flails
  1958 | D:8      | Killed Psyche
  1959 | D:8      | Reached skill level 5 in Invocations
  1959 | D:8      | Reached XP level 10. HP: 33/88 MP: 14/14
  2070 | D:7      | Bought a pair of runed gloves for 157 gold pieces
  2132 | D:9      | Found a broken altar of Ashenzari.
  2137 | D:9      | Found a staircase to the Orcish Mines.
  2182 | D:9      | Noticed Grum
  2196 | D:9      | Killed Grum
  2197 | D:9      | Reached *** piety under Okawaru
  2199 | D:9      | Reached skill level 12 in Maces & Flails
  2199 | D:9      | Reached skill level 5 in Armour
  2250 | D:9      | Noticed Erica
  2266 | D:9      | Killed Erica
  2295 | D:9      | Identified the ring "Vihelueh" {Fly Dex+4}
  2359 | D:9      | Found a staircase to the Lair.
  2376 | D:9      | Reached **** piety under Okawaru
  2377 | D:9      | Reached skill level 13 in Maces & Flails
  2392 | D:9      | Reached XP level 11. HP: 97/97 MP: 17/17
  2407 | D:9      | Identified a scroll of acquirement
  2408 | D:9      | Acquired the ring of Fonait {rN+ rCorr Int+4}
  2432 | D:10     | Entered Level 10 of the Dungeon
  2437 | D:10     | Noticed Harold
  2453 | D:10     | Killed Harold
  2454 | D:10     | Reached skill level 1 in Throwing
  2493 | D:10     | Noticed a two-headed ogre
  2498 | D:10     | Killed a two-headed ogre
  2512 | D:10     | Noticed Urug
  2527 | D:10     | Killed Urug
  2528 | D:10     | Reached skill level 14 in Maces & Flails
  2619 | Lair:1   | Entered Level 1 of the Lair of Beasts
  2640 | Lair:1   | Noticed a seven-headed hydra
  2649 | Lair:1   | Killed a seven-headed hydra
  2650 | Lair:1   | Reached skill level 10 in Fighting
  2656 | Lair:1   | Reached ***** piety under Okawaru
  2671 | Lair:1   | Reached skill level 15 in Maces & Flails
  2758 | Lair:1   | Noticed an oklob plant
  2758 | Lair:1   | Noticed an oklob plant
  2758 | Lair:1   | Noticed an oklob plant
  2758 | Lair:1   | Noticed an oklob plant
  2934 | Lair:3   | Noticed an oklob plant
  2944 | Lair:3   | Noticed a four-headed hydra
  2952 | Lair:3   | Killed a four-headed hydra
  2953 | Lair:3   | Reached XP level 12. HP: 110/110 MP: 18/18
  3006 | Lair:3   | Noticed a bog body
  3007 | Lair:3   | Found a staircase to the Swamp.
  3007 | Lair:3   | Noticed a bog body
  3022 | Lair:3   | Killed a bog body
  3027 | Lair:3   | Killed a bog body
  3049 | Lair:3   | You are sucked into a shaft and drop 1 floor!
  3084 | Lair:4   | Received a gift from Okawaru
  3085 | Lair:4   | Reached skill level 5 in Throwing
  3085 | Lair:4   | Reached skill level 5 in Shields
  3300 | Swamp:1  | Entered Level 1 of the Swamp
  3362 | Swamp:2  | Noticed an alligator
  3362 | Swamp:2  | Noticed an alligator
  3372 | Swamp:1  | Killed an alligator
  3389 | Swamp:2  | Noticed a bunyip
  3397 | Swamp:2  | Killed a bunyip
  3430 | Swamp:3  | Noticed a bog body
  3442 | Swamp:3  | Killed a bog body
  3470 | Swamp:3  | Noticed a spriggan druid
  3479 | Swamp:3  | Killed a spriggan druid
  3480 | Swamp:3  | Reached XP level 13. HP: 93/119 MP: 13/19
  3561 | Swamp:4  | Entered Level 4 of the Swamp
  3561 | Swamp:4  | Noticed a four-headed hydra
  3594 | Swamp:3  | Killed a four-headed hydra
  3599 | Swamp:3  | Received a gift from Okawaru
  3650 | Swamp:4  | Noticed a four-headed hydra
  3655 | Swamp:4  | Noticed a four-headed hydra
  3663 | Swamp:4  | Killed a four-headed hydra
  3663 | Swamp:4  | Received a gift from Okawaru
  3672 | Swamp:4  | Killed a four-headed hydra
  3697 | Swamp:3  | Noticed a ghost crab
  3702 | Swamp:3  | Killed a ghost crab
  3704 | Swamp:3  | Noticed a four-headed hydra
  3750 | Swamp:3  | Noticed an eleionoma
  3750 | Swamp:3  | Noticed an alligator
  3764 | Swamp:3  | Killed an alligator
  3767 | Swamp:3  | Killed an eleionoma
  3768 | Swamp:3  | Noticed an alligator
  3777 | Swamp:3  | Killed an alligator
  3777 | Swamp:3  | Received a gift from Okawaru
  3827 | Swamp:3  | Killed a four-headed hydra
  3859 | Swamp:4  | Reached skill level 10 in Throwing
  3859 | Swamp:4  | Reached skill level 10 in Shields
  3870 | Swamp:4  | Reached XP level 14. HP: 101/130 MP: 20/20
  3913 | Swamp:4  | Received a gift from Okawaru
  3920 | Swamp:4  | Noticed a green death
  3931 | Swamp:4  | Noticed a white very ugly thing
  3960 | Swamp:4  | Killed a white very ugly thing
  3960 | Swamp:4  | Reached ****** piety under Okawaru
  3960 | Swamp:4  | Received a gift from Okawaru
  4068 | Swamp:4  | Noticed a purple very ugly thing
  4073 | Swamp:4  | Killed a green death
  4073 | Swamp:4  | Noticed a tentacled monstrosity
  4190 | Swamp:4  | HP: 1/133 [goliath frog (15)]
  4190 | Swamp:4  | Splashed by a goliath frog's acid

Illustrated notes

Levels and vault maps discovered:
D:1:      scummos_arrival_simple_fountains, layout_rooms, dk_noncrumbling_4
D:2:      layout_loops_ring, shapermc_ecumenical_altar_hornbeckon
D:3:      layout_basic, nicolae_dithmenos_the_darkroom, uniq_terence,
          uniq_jessica
D:4:      layout_basic, minmay_hollow_rounded_squares
D:5:      layout_rooms, mainiacjoe_overflow_six_doors_small, lemuel_round_altar,
          serial_demonic, serial_demonic_e, serial_demonic_e, serial_demonic_e,
          serial_demonic_e, grunt_ministairs_7, uniq_crazy_yiuf_cottage
D:6:      layout_cave_pools, lemuel_round_altar, lemuel_temple_firewalk_a,
          serial_shops, shop, uniq_blork_the_orc
D:7:      wander_river, layout_cave_pods, serial_shops, nicolae_shop_waterfront,
          grunt_ministairs_10
D:8:      layout_cave_pools, mainiacjoe_overflow_catwalk, uniq_psyche
D:9:      kennysheep_spiral_hall, layout_long_grid,
          mainiacjoe_overflow_tiny_flanked, ashenzari_conservatory_becter,
          david_lair_generic, minmay_orc_entry_temple_small, uniq_grum,
          uniq_erica
D:10:     layout_roguey, nicolae_ru_great_annihilating_truth, serial_shops,
          shop, minmay_misc_feat_cross, uniq_urug, uniq_nergalle, uniq_harold
Temple:   nicolae_temple_bog_church
Lair:1:   minmay_lair_oklob_chamber, layout_misc_corridors,
          infiniplex_staircase_pool
Lair:2:   layout_cave_pods
Lair:3:   layout_cave_shapes, skrybe_swamp_entry_bodies,
          hellmonk_spider_entry_not_the_bees
Lair:4:   statuecave_lemuel, layout_loops_ring, pf_torpor_hydra
Swamp:1:  layout_basic_swamp, evilmike_swamp_ruin_house_3, swamp_pool2
Swamp:2:  layout_basic_swamp, hangedman_swamp_lotus, uniq_louise
Swamp:3:  layout_basic_swamp, gammafunk_ghost_cemetery,
          evilmike_swamp_ruin_house_2
Swamp:4:  swamp_vile, layout_basic_swamp, infiniplex_staircase_pool_2,
          uniq_roxanne

Skill      XL: |  1  2  3  4  5  6  7  8  9 10 11 12 13 14 |
---------------+-------------------------------------------+-----
Axes           | 3 4 |  4.6
Fighting       | 4 5 6 8 9 11 12 13 14 | 14.4
Maces & Flails | 2 3 5 6 9 11 13 15 | 15.6
Evocations     | 2 |  2.1
Invocations    | 1 5 6 |  6.7
Armour         | 4 6 |  6.2
Throwing       | 3 7 10 11 | 11.0
Shields        | 7 10 | 10.9

Action                   |  1- 3 |  4- 6 |  7- 9 | 10-12 | 13-15 || total
-------------------------+-------+-------+-------+-------+-------++-------
Melee: War axe           |    59 |    84 |       |       |       ||   143
       Eveningstar       |       |       |   239 |   234 |   182 ||   655
Throw: Dart              |       |       |       |     3 |       ||     3
       Boomerang         |       |       |       |     8 |    37 ||    45
       Javelin           |       |       |       |       |    10 ||    10
Invok: Heroism           |       |       |     1 |     9 |     8 ||    18
       Finesse           |       |       |       |     5 |     5 ||    10
Evoke: Wand              |       |       |       |     2 |       ||     2
  Use: Scroll            |     1 |     1 |    10 |     8 |     4 ||    24
       Potion            |       |     5 |     3 |     1 |     1 ||    10
 Stab: Invisible         |       |       |       |     1 |       ||     1
Armor: Scale mail        |    44 |    44 |   160 |       |       ||   248
       Plate armour      |       |       |    49 |   186 |    71 ||   306
Dodge: Dodged            |    25 |    28 |    91 |    49 |    29 ||   222
Block: Buckler           |    18 |    20 |    28 |       |       ||    66
       Kite shield       |       |       |    97 |   124 |    94 ||   315
